 Dungeon Crawl Stone Soup version bcrawl-1.13.1 (webtiles) character file.

Game seed: 814059196541806401

242 Revguard the Sneak (level 5, -14/57 HPs)
             Began as a Demonspawn Archaeologist on Aug 2, 2019.
             Demolished by an ogre
             ... wielding a +0 giant club
              (19 damage)
             ... on level 3 of the Dungeon.
             The game lasted 00:08:11 (2939 turns).

Revguard the Sneak (Demonspawn Archaeologist)       Turns: 2939, Time: 00:08:12

Health: -14/57     AC: 26    Str: 11    XL:     5   Next: 81%
Magic:  6/6        EV:  2    Int: 15    God:
Gold:   205        SH:  0    Dex: 13    Spells: 4/4 levels left

rFire    + . .     SeeInvis .   j - +5 quarterstaff (chaos)
rCold    . . .     Gourm    .   (shield currently unavailable)
rNeg     + + +     Faith    .   (armour currently unavailable)
rPois    +         Spirit   .   (helmet currently unavailable)
rElec    .         Reflect  .   (cloak currently unavailable)
rCorr    .         Harm     .   (gloves currently unavailable)
MR       .....     NoTele   +   (boots currently unavailable)
Stlth    ++........             (no amulet)
HPRegen  0.19/turn              q - ring of protection from fire
MPRegen  0.10/turn              p - +4 ring of protection

@: tree-form, very slightly contaminated, studying Armour
A: foul stench 1, rot immunity
a: no special abilities


You were on level 3 of the Dungeon.
You were not hungry.
You were a tree.
You visited 1 branch of the dungeon, and saw 4 of its levels.

You collected 205 gold pieces.

Inventory:

Hand Weapons
 a - a +0 whip
 j - a +5 quarterstaff of chaos (weapon)
Armour
 c - a +1 hat (melded)
 d - a +1 pair of boots (melded)
 l - a +0 ring mail (melded)
 r - a +0 cloak (melded)
Jewellery
 p - a +4 ring of protection (right branch)
 q - a ring of protection from fire (left branch)
Scrolls
 i - a scroll of enchant weapon
 n - a scroll of amnesia
 o - 2 scrolls of remove curse
Potions
 b - 2 potions of agility
Books
 e - a manual of Armour
Miscellaneous
 f - an ancient crate
Comestibles
 g - 4 rations {!d}


   Skills:
 + Level 2.1 Fighting
 + Level 1.6(2.1) Maces & Flails
 + Level 2.0(2.3) Staves
 * Level 3.2 Armour
 * Level 3.1 Dodging
 - Level 3.8 Stealth
 * Level 1.8 Evocations


You had 4 spell levels left.
You didn't know any spells.
Your spell library was empty.

Dungeon Overview and Level Annotations

Branches:
Dungeon (4/12)
 Temple: D:4-7

Altars:
Okawaru
Qazlal


Innate Abilities, Weirdness & Mutations

((Your flesh is cold resistant. (rC+)))
You may emit foul miasma when damaged in melee.
You are immune to rotting.


Message History

Your +1 pair of boots melds into your body.
Your +0 ring mail melds into your body.
Your roots penetrate the ground.
The worker ant bites you but does no damage.
The ogre hits you but does no damage.
You closely miss the worker ant.
The worker ant is heavily wounded.
The worker ant barely misses you. The ogre barely misses you.
The worker ant bites you but does no damage.
You hit the worker ant.
The worker ant is almost dead.
The worker ant bites you but does no damage.
The ogre hits you with a +0 giant club!
* * * LOW HITPOINT WARNING * * *
You emit a cloud of foul miasma!
You sock the ogre! You burn the ogre.
The ogre is severely wounded.
The worker ant bites you but does no damage.
The ogre is engulfed in dark miasma.
The ogre is poisoned.
The ogre hits you with a +0 giant club!!
You die...

#######
#################.....#
#####......##.....<.......#
##≈≈...§≈......#######.....#
.^^^≈....^#^#### #####.....#
#≈#^≈^.^###(# ###.......###
#...#^..##^§# #.O.......#
..≈........(## #♣........#
...§.§_.§.§§.# #.a.......#
.§≈(......≈§.###.........#
.§.#≈..§≈^^^.............#
..##.....##.###..........#
.≈≈≈#≈.≈≈##.###..........####
....^^..§.≈###..............#
.......#######..............#
......## #................#


You could see an ogre and a worker ant.

Vanquished Creatures
  An orc priest (D:3)
  Crazy Yiuf (D:2)
  A bullfrog skeleton (D:3)
  An orc wizard (D:3)
  A howler monkey skeleton (D:3)
  3 adders
  An ooze (D:2)
  2 dart slugs (D:1)
  2 leopard geckos
  14 orcs
  5 giant cockroaches
  6 goblins
  8 hobgoblins
  6 kobolds
  4 quokkas
  A ball python (D:1)
  A bat (D:1)
  5 frilled lizards
  11 rats
  A bush (D:2)
75 creatures vanquished.

Notes
Turn   | Place    | Note
-------+----------+-------------------------------------------
     0 | D:1      | Revguard the Demonspawn Archaeologist began the quest for
                  | the Orb.
     0 | D:1      | Reached XP level 1. HP: 15/15 MP: 1/1
   203 | D:1      | Gained mutation: You are immune to rotting. [demonic
                  | ancestry]
   203 | D:1      | Reached XP level 2. HP: 17/21 MP: 2/2
   534 | D:1      | Reached skill level 1 in Evocations
   837 | D:2      | Gained mutation: Your flesh is cold resistant. (rC+)
                  | [demonic ancestry]
   837 | D:2      | Reached XP level 3. HP: 25/26 MP: 3/3
   959 | D:2      | Reached skill level 1 in Maces & Flails
  1409 | D:2      | Found an iron altar of Okawaru.
  1417 | D:2      | Reached skill level 1 in Armour
  1490 | D:2      | Found a runed door.
  1494 | D:2      | Noticed Crazy Yiuf
  1502 | D:2      | Killed Crazy Yiuf
  1502 | D:2      | Gained mutation: You may emit foul miasma when damaged in
                  | melee. [demonic ancestry]
  1502 | D:2      | Reached XP level 4. HP: 11/33 MP: 4/4
  2213 | D:3      | Reached XP level 5. HP: 8/38 MP: 4/6
  2371 | D:3      | Reached skill level 1 in Staves
  2449 | D:3      | Found a stormy altar of Qazlal.
  2888 | D:4      | Noticed an ogre
  2939 | D:3      | Demolished by an ogre

Skill      XL: |  1  2  3  4  5 |
---------------+----------------+-----
Evocations     | 1 |  1.8
Maces & Flails | 1 |  1.6
Armour         | 1 2 3 |  3.2
Dodging        | 3 |  3.1
Fighting       | 2 |  2.1
Staves         | 2 |  2.0
Stealth        | |  3.8

Action                   |  1- 3 |  4- 6 || total
-------------------------+-------+-------++-------
Melee: Whip              |   170 |       ||   170
       Quarterstaff      |       |   107 ||   107
  Use: Potion            |     2 |     2 ||     4
       Scroll            |       |     7 ||     7
 Stab: Sleeping          |     2 |     1 ||     3
  Eat: Chunk             |     2 |     5 ||     7
Armor: Robe              |    21 |       ||    21
       Ring mail         |    43 |    33 ||    76
       Skin              |       |     5 ||     5
Dodge: Dodged            |   102 |    47 ||   149
